 Dungeon Crawl Stone Soup version 0.29.1-2-gbd0b4ee654 (webtiles) character file.

Game seed: 4971619903073325751

258646 warriortoast the Sorcerer (level 19, -2/107 HPs)
             Began as a Deep Elf Conjurer on Oct 31, 2022.
             Was a High Priest of Vehumet.
             Killed from afar by a merfolk aquamancer (35 damage)
             ... with a shard of ice
             ... on level 4 of the Shoals.
             The game lasted 04:37:12 (64417 turns).

warriortoast the Sorcerer (Deep Elf Conjurer)      Turns: 64417, Time: 04:37:12

Health: -2/107     AC: 14    Str:  6    XL:     19   Next: 51%
Magic:  22/58      EV: 16    Int: 30    God:    Vehumet [*****.]
Gold:   996        SH:  5    Dex: 13    Spells: 7/67 levels left

rFire   + . .      SeeInvis .   y - staff of conjuration
rCold   . . .      Faith    .   (no shield)
rNeg    + + .      Spirit   .   f - +2 robe {rF+}
rPois   +          Reflect  +   R - +0 helmet
rElec   .          Harm     .   N - +0 cloak
rCorr   .          Rampage  .   v - +1 pair of gloves
Will    ++...                   z - +1 pair of boots {Stlth+}
Stlth   ++++++....              l - amulet of reflection
HPRegen 0.27/turn               B - ring of Hiloloupt {rPois Will+}
MPRegen 0.36/turn               D - ring of Baqistokk {rN++ MP+9 AC+4}

@: no status effects
A: no striking features
}: 1/15 runes: serpentine
a: Renounce Religion


You were on level 4 of the Shoals.
You worshipped Vehumet.
Vehumet was extremely pleased with you.
You visited 6 branches of the dungeon, and saw 32 of its levels.

You collected 3326 gold pieces.
You spent 2330 gold pieces at shops.

Inventory:

Hand Weapons
 h - the +8 spear of Satyriasis {venom, Dex+3}
   (You found it on level 1 of the Snake Pit)

   It poisons the flesh of those it strikes.
   Dex:       It affects your dexterity (+3).
 S - a +4 double sword
Missiles
 Y - 2 throwing nets
Armour
 b - the +2 pair of boots "Lallam" {rElec rCorr Str-3 Dex+4}
   (You bought it in a shop on level 15 of the Dungeon)

   Str:       It affects your strength (-3).
   Dex:       It affects your dexterity (+4).
   rElec:     It insulates you from electricity.
   rCorr:     It protects you from acid and corrosion.
 f - a +2 robe of fire resistance (worn)
 v - a +1 pair of gloves (worn)
 z - a +1 pair of boots of stealth (worn)
 G - a +2 pair of boots
 N - a +0 cloak (worn)
 R - a +0 helmet (worn)
Magical Staves
 y - a staff of conjuration (weapon)
Jewellery
 l - an amulet of reflection (around neck)
 s - a ring of resist corrosion
 t - a +4 ring of evasion
 B - the ring of Hiloloupt (left hand) {rPois Will+}
   (You bought it in a shop on level 2 of the Snake Pit)

   [ring of poison resistance]

   rPois:     It protects you from poison.
   Will:      It increases your willpower.
 D - the ring of Baqistokk (right hand) {rN++ MP+9 AC+4}
   (You bought it in a shop on level 2 of the Snake Pit)

   [ring of protection]

   AC:        It affects your AC (+4).
   rN:        It greatly protects you from negative energy.
   MP:        It affects your magic capacity (+9).
 E - a ring of see invisible
 F - a ring of positive energy
 J - a +6 ring of dexterity
 P - a +6 ring of intelligence
Wands
 o - a wand of paralysis (8)
 x - a wand of mindburst (10)
 O - a wand of roots (33)
 Q - a wand of flame (19)
 W - a wand of acid (6)
Scrolls
 a - 8 scrolls of identify
 c - 3 scrolls of enchant armour
 i - 7 scrolls of fear
 j - 3 scrolls of blinking
 k - 2 scrolls of brand weapon
 m - 10 scrolls of fog
 p - a scroll of poison
 w - 2 scrolls of enchant weapon
 C - 2 scrolls of magic mapping
 K - 15 scrolls of teleportation
 L - 4 scrolls of amnesia
 M - a scroll of summoning
Potions
 d - 4 potions of berserk rage
 e - 18 potions of curing
 g - 5 potions of brilliance
 n - 3 potions of resistance
 q - 5 potions of haste
 r - 3 potions of heal wounds
 u - 4 potions of cancellation
 A - 6 potions of ambrosia
 H - 9 potions of might
 I - 3 potions of flight
 U - 5 potions of lignification


   Skills:
 - Level 8.0 Fighting
 - Level 10.0 Dodging
 - Level 11.0 Stealth
 + Level 24.6 Spellcasting
 + Level 21.5 Conjurations
 - Level 8.0 Hexes
 - Level 5.0 Translocations
 - Level 6.0 Fire Magic
 + Level 9.2 Air Magic
 + Level 9.1 Earth Magic
 - Level 6.0 Poison Magic
 - Level 8.0 Evocations


You had 7 spell levels left.
You knew the following spells:

 Your Spells              Type           Power      Damage    Failure   Level
a - Magic Dart            Conj           100%       1d8       0%          1
b - Dazzling Flash        Conj/Hex       100%       N/A       0%          3
c - Fulminant Prism       Conj/Hex       56%        3d25      0%          4
d - Iskenderun's Mystic   Conj/Tloc      100%       2d19      1%          4
e - Ignite Poison         Fire/Tmut/Pois 57%        N/A       1%          3
f - Olgreb's Toxic Radia  Pois           64%        N/A       1%          4
g - Swiftness             Air            75%        N/A       1%          3
h - Iskenderun's Battles  Conj           100%       2d15      0%          5
i - Airstrike             Air            37%        2d(6-22)  1%          4
j - Blink                 Tloc           100%       N/A       1%          2
k - Mephitic Cloud        Conj/Pois/Air  100%       N/A       0%          3
l - Orb of Destruction    Conj           64%        9d15      1%          7
m - Lehudib's Crystal Sp  Conj/Erth      57%        10d13     2%          8
n - Chain Lightning       Conj/Air       57%        3d76      32%         9

Your spell library contained the following spells:

 Spells                   Type           Power      Damage    Failure   Level
 Maxwell's Capacitive Co  Air            37%        ∞         28%         8
 Fire Storm               Conj/Fire      54%        8d14      54%         9
 Foxfire                  Conj/Fire      100%       2x1d9     0%          1
 Shock                    Conj/Air       100%       1d9       0%          1
 Searing Ray              Conj           100%       2d8       0%          2
 Conjure Flame            Conj/Fire      100%       6-21      0%          3
 Apportation              Tloc           100%       N/A       1%          1
 Necrotise                Necr           100%       1d9       1%          1
 Sting                    Tmut/Pois      100%       1d8       1%          1
 Summon Small Mammal      Summ           100%       N/A       1%          1
 Call Imp                 Summ           36%        N/A       1%          2
 Ensorcelled Hibernation  Hex/Ice        100%       N/A       1%          2
 Poisonous Vapours        Pois/Air       100%       N/A       1%          2
 Inner Flame              Hex/Fire       68%        N/A       1%          3
 Lesser Beckoning         Tloc           61%        N/A       1%          3
 Spider Form              Tmut/Pois      53%        N/A       1%          3
 Anguish                  Hex/Necr       28%        N/A       1%          4
 Flame Wave               Conj/Fire      100%       2d21      1%          4
 Leda's Liquefaction      Hex/Erth       36%        N/A       1%          4
 Sticky Flame             Conj/Fire      100%       2d11      1%          4
 Freezing Cloud           Conj/Ice/Air   49%        6-21      1%          5
 Lee's Rapid Deconstruct  Erth           37%        3d20*     1%          5
 Silence                  Hex/Air        36%        N/A       1%          5
 Starburst                Conj/Fire      54%        6d15      1%          6
 Call Canine Familiar     Summ           36%        N/A       2%          3
 Manifold Assault         Tloc           61%        N/A       2%          5
 Spellforged Servitor     Conj/Summ      50%        N/A       2%          7
 Borgnjor's Vile Clutch   Necr/Erth      29%        N/A       3%          5
 Summon Mana Viper        Hex/Summ       57%        N/A       4%          5
 Alistair's Intoxication  Tmut/Pois      35%        N/A       6%          5
 Summon Ice Beast         Ice/Summ       36%        N/A       8%          4
 Eringya's Noxious Bog    Tmut/Pois      26%        N/A       10%         6
 Statue Form              Tmut/Erth      39%        N/A       19%         6
 Enfeeble                 Hex            35%        N/A       26%         7
 Storm Form               Tmut/Air       29%        N/A       69%         7
 Ozocubu's Refrigeration  Ice            18%        4d11      82%         7
 Monstrous Menagerie      Summ           18%        N/A       100%        7
 Ignition                 Fire           32%        3d10      71%         8
 Borgnjor's Revivificati  Necr           18%        N/A       100%        8
 Necromutation            Tmut/Necr      18%        N/A       100%        8
 Death's Door             Necr           18%        N/A       100%        9
 Polar Vortex             Ice            18%        N/A       100%        9


Dungeon Overview and Level Annotations

Branches:
Dungeon (15/15)            Temple (0/1) D:6            Lair (5/5) D:11
 Shoals (4/4) Lair:2        Snake (4/4) Lair:2        Slime (0/5) Lair:4
    Orc (2/2) D:9             Elf (2/3) Orc:2        Vaults (0/5) D:13
 Depths (0/4) D:15

Altars:
Cheibriados
Makhleb
Nemelex Xobeh
Trog
Vehumet
Yredelemnul
Zin
The Shining One
Lugonu

Shops:
D:1 (   D:7 *   D:8 **   D:15 [   Orc:2 ?:?*   Shoals:3 =   Snake:2 ==
Snake:3 :[

Portals:
Abyss: Orc:2
Trove: D:11 (give +2 fire dragon scales)

Annotations:
D:7 1 runed translucent door


Message History

The mystic blast hits the merfolk!
The merfolk is moderately wounded.
The merfolk is knocked back by the mystic blast.
The mystic blast hits the manticore!!
The manticore is severely wounded.
The manticore is knocked back by the mystic blast.
The mystic blast hits the sea snake!
The sea snake is moderately wounded.
The sea snake is knocked back by the mystic blast.
A snapping turtle comes into view.
A merfolk comes into view.
It is wielding a +0 trident and quivering boomerangs of dispersal.
Casting: Iskenderun's Mystic Blast (safe; 1% risk of failure)
Confirm with . or Enter, or press ? or * to list all spells.
You feel a surge of power!
You erupt in a blast of force!
The mystic blast hits the merfolk!!
The merfolk is heavily wounded.
The merfolk shouts!
The merfolk is knocked back by the mystic blast.
Casting: Iskenderun's Mystic Blast (safe; 1% risk of failure)
Confirm with . or Enter, or press ? or * to list all spells.
You feel a surge of power!
You erupt in a blast of force!
The mystic blast hits the merfolk!!
You kill the merfolk!
Vehumet accepts your kill.
You feel your power returning.
You hear a splash. x2
The mystic blast hits the merfolk!
The merfolk is heavily wounded.
The merfolk is knocked back by the mystic blast.
The mystic blast hits the merfolk siren!
The merfolk siren is moderately wounded.
The merfolk siren is knocked back by the mystic blast.
Your surroundings suddenly seem different.
The merfolk aquamancer gestures at you while chanting.
The shard of ice hits you!!
* * * LOW HITPOINT WARNING * * *
You feel much better.
The merfolk aquamancer points at you and mumbles some strange words.
The shard of ice hits you!!
You die...

~~~~~~~~~~~≈≈≈≈≈≈~~~~~≈≈≈≈≈≈≈≈~~~
~~~~~~~~~~≈≈≈≈≈≈~~~~~~~~~≈≈≈≈≈~~~
~~~~~~~~~~~≈≈≈~~~.....~~§~~≈≈≈~~~
~~~~~~~~~~~~~~k~........~§~~≈≈~~~
~~~~~~*,***~#~~.[...H...§~~~≈≈~~~
~~~~~~******#.......~~~..~~~~≈~~~
~~~~~**,~*,~~#......k~~~..~~~≈~~~
~~~~**,,,~,m,#).....m<~~.~~~~≈~~~
~~~~~**,*,*,*##.@..m<....~~~≈≈~~~
~~~~***~,,,~* #.....m.$..~~~k≈~~~
,,,,~*,,*,*,**#......~#~.#~#~≈~~~
,,,,**,,,~,,,#~......#######~~~~~
,,..~*,,***,*#......##,***,,**~~~
,,...m*######......##,,,~,,,**~~~
,,..Hm##~~.$.......#*~,*,*,***~~~
,,...~°.......(.....*,~,,,~**,~~~
,~..~~~°~~~..[....,***,*,*,***~~~


You could see a merfolk avatar, 2 merfolk aquamancers, 2 wind drakes and a
manticore.

Vanquished Creatures
  Zenata (Elf:1)
  The ghost of Kiarinao the Grappler, an adept TrBe of Trog (Elf:1)
  A nagaraja (Snake:3)
  The ghost of mortz the Earth Mage, an adept KoEE of Hepliaklqana (Orc:2)
  An orc warlord (D:9)
  A caustic shrike skeleton (D:14)
  A stone giant (D:15)
  A deep elf demonologist (Elf:1)
  A deep elf annihilator (Elf:1)
  Snorg (D:11)
  Josephine (Orc:2)
  A fire dragon (Lair:5)
  2 merfolk javelineers (Shoals:3)
  5 merfolk impalers
  An ice dragon (Lair:5)
  The ghost of lambentLogic the Unseen, a journeyman KoEn of Hepliaklqana (Snake:1)
  6 hydras
  2 salamander tyrants (Snake:4)
  Erica (D:8)
  A vault guard (D:13)
  A rakshasa (D:15)
  A boulder beetle (D:14)
  4 ogre magi (D:15)
  19 anacondas
  A satyr (Shoals:2)
  4 merfolk aquamancers
  An alligator snapping turtle (Shoals:1)
  2 merfolk avatars
  3 centaur warriors
  19 naga warriors
  4 dancing weapons (Elf:1)
  22 two-headed ogres
  13 naga sharpshooters
  4 tengu warriors
  A titan zombie (D:14)
  7 shock serpents (Snake:4)
  Urug (D:10)
  11 orc high priests
  3 soul eaters (D:14)
  11 salamander mystics
  A deep elf knight (Elf:1)
  11 sea snakes
  A sea snake (shapeshifter) (Elf:1)
  8 skeletal warriors
  A swamp dragon (Lair:5)
  A golden dragon zombie (D:14)
  A shadow dragon zombie (D:14)
  10 naga ritualists
  3 wizards (D:13)
  4 deep elf archers (Elf:1)
  Pikel (D:5)
  3 orc knights
  A necromancer (D:13)
  12 deep elf zephyrmancers (Elf:1)
  4 lindwurms
  10 mana vipers
  An orc sorcerer (D:10)
  15 deep elf pyromancers
  18 harpies
  3 oklob plants
  23 salamanders
  An ugly thing (D:15)
  6 fauns
  10 manticores
  6 cyclopes
  A salamander (shapeshifter) (D:15)
  30 elephants
  2 moths of wrath (Snake:1)
  A water nymph (Shoals:1)
  61 black mambas
  16 naga magi
  5 torpor snails (Lair:5)
  5 merfolk sirens
  8 guardian serpents (Snake:4)
  A spriggan zombie (D:14)
  9 cane toads
  An unseen horror (D:12)
  3 kobold demonologists (D:10)
  A rime drake (shapeshifter) (D:14)
  3 rime drakes
  2 efreet
  A troll (shapeshifter) (D:15)
  11 komodo dragons
  4 spriggan skeletons (D:14)
  8 trolls
  9 hornets
  6 meliai
  A queen bee (D:13)
  3 polar bears
  23 merfolk
  3 tyrant leeches (Lair:5)
  6 wind drakes
  14 blink frogs
  6 dream sheep (Lair:5)
  12 slime creatures
  7 snapping turtles
  A centaur simulacrum (D:14)
  An air elemental (Elf:1)
  A vampire (D:10)
  3 shadows
  10 water elementals
  5 wraiths
  A yak (shapeshifter) (D:10)
  2 wyverns
  55 yaks
  4 basilisks
  Grum (D:8)
  3 steam dragons
  19 humans (D:13)
  8 vampire mosquitoes
  Eustachio (D:4)
  10 wargs
  An acid dragon (D:12)
  A glowing shapeshifter zombie (D:14)
  46 nagas
  23 water moccasins
  17 orc warriors
  2 swamp drakes (Lair:5)
  2 ice beasts (D:7)
  5 black bears
  16 ogres
  10 wolves
  7 centaurs
  3 lemures (D:5)
  A phantom (D:9)
  2 gnoll sergeants
  An earth elemental (Elf:1)
  14 bullfrogs
  2 necrophages (D:8)
  8 scorpions
  7 wights
  3 troll zombies (D:9)
  23 killer bees
  3 electric eels (Lair:2)
  3 howler monkeys (D:9)
  A jelly (D:5)
  A hound (D:4)
  Crazy Yiuf (D:4)
  39 orc priests
  A gnoll bouda (D:10)
  6 iguanas
  20 orc wizards
  5 ogre zombies (D:9)
  A human simulacrum (D:10)
  6 adders
  21 gnolls
  A shadow imp (D:7)
  3 worms
  4 dart slugs
  85 orcs
  3 bats
  5 endoplasms
  6 giant cockroaches
  8 goblins
  7 hobgoblins
  2 jackals (D:5)
  8 kobolds
  7 quokkas
  4 ball pythons
  3 frilled lizards
  3 goblin skeletons (D:9)
  4 goblin zombies (D:9)
  4 hobgoblin zombies (D:9)
  14 orc zombies (D:9)
  9 rats
  2 bushes (D:12)
  A butterfly (D:7)
  4 fulminant prisms
  A lurking horror (Orc:2)
1196 creatures vanquished.

Vanquished Creatures (others)
  A dancing weapon (Elf:1)
  A human simulacrum (D:10)
  2 bushes (Lair:5)
  547 fulminant prisms
  66 fungi
  279 plants
896 creatures vanquished.

Grand Total: 2092 creatures vanquished

Notes
Turn   | Place    | Note
-------+----------+-------------------------------------------
     0 | D:1      | warriortoast the Deep Elf Conjurer began the quest for the
                  | Orb.
     0 | D:1      | Reached XP level 1. HP: 10/10 MP: 6/6
   244 | D:1      | Reached XP level 2. HP: 15/15 MP: 4/8
   604 | D:1      | Found Geboga's Antique Weapon Shoppe.
   997 | D:1      | Reached skill level 4 in Spellcasting
  1438 | D:2      | Reached XP level 3. HP: 19/19 MP: 5/10
  1487 | D:2      | Reached skill level 5 in Conjurations
  2493 | D:3      | Learned a level 3 spell: Dazzling Flash
  2758 | D:3      | Found a snail-covered altar of Cheibriados.
  2778 | D:3      | Reached XP level 4. HP: 24/24 MP: 5/12
  3237 | D:3      | Reached skill level 1 in Hexes
  3441 | D:3      | Found a faded altar of an unknown god.
  3445 | D:3      | Found a radiant altar of Vehumet.
  3842 | D:4      | Noticed an ogre
  3860 | D:4      | Learned a level 4 spell: Fulminant Prism
  3945 | D:4      | Noticed Eustachio
  3953 | D:3      | Became a worshipper of Vehumet
  3993 | D:4      | Reached skill level 5 in Spellcasting
  4125 | D:4      | Noticed a black bear
  4173 | D:4      | Reached XP level 5. HP: 28/28 MP: 11/14
  4255 | D:4      | Identified the +1 ring mail "Pefonatz" {rC++}
  4472 | D:4      | Found a runed translucent door.
  4473 | D:4      | Noticed Crazy Yiuf
  4539 | D:4      | Killed an ogre
  4558 | D:4      | Reached XP level 6. HP: 32/32 MP: 0/16
  4914 | D:4      | Reached skill level 6 in Spellcasting
  5143 | D:4      | Killed Eustachio
  5146 | D:4      | Reached XP level 7. HP: 30/36 MP: 3/18
  5364 | D:4      | Identified the amulet "Tuthuvy" {RegenMP rPois MP-9 Str+6}
  5548 | D:5      | Entered Level 5 of the Dungeon
  5649 | D:5      | Reached skill level 7 in Spellcasting
  5649 | D:5      | Reached skill level 5 in Hexes
  6085 | D:5      | Identified the amulet "Muwkaxou" {Spirit rCorr}
  6256 | D:5      | Reached * piety under Vehumet
  6256 | D:5      | Offered knowledge of Sandblast by Vehumet.
  6334 | D:5      | Noticed Pikel
  6578 | D:5      | Found a sparkling altar of Nemelex Xobeh.
  6617 | D:5      | Noticed a steam dragon
  6624 | D:5      | Killed a steam dragon
  6625 | D:5      | Reached XP level 8. HP: 41/41 MP: 10/21
  6726 | D:5      | Killed Pikel
  6727 | D:5      | Reached skill level 8 in Spellcasting
  7178 | D:6      | Reached skill level 9 in Spellcasting
  7718 | D:6      | Reached XP level 9. HP: 45/45 MP: 15/24
  7876 | D:6      | Found a staircase to the Ecumenical Temple.
  7927 | D:6      | Found a bloodstained altar of Trog.
  8305 | D:6      | Learned a level 4 spell: Iskenderun's Mystic Blast
  8932 | D:7      | Found a runed translucent door.
  8934 | D:7      | Found a runed translucent door.
  9008 | D:5      | Reached skill level 10 in Spellcasting
  9299 | D:4      | Killed Crazy Yiuf
  9542 | D:7      | Reached skill level 5 in Stealth
  9645 | D:7      | Found Vuontuxa's Gadget Gallery.
 10272 | D:8      | Found Nohigg's Assorted Antiques.
 10394 | D:8      | Found Locwilio's Assorted Antiques.
 10403 | D:8      | Bought a scroll labelled RUT UGEMNIUME for 33 gold pieces
 10409 | D:8      | Bought a scroll labelled RUT UGEMNIUME for 30 gold pieces
 10681 | D:8      | Offered knowledge of Freeze by Vehumet.
 10714 | D:8      | Got the Reference Book on the Enchanting Snowflakes
 10800 | D:8      | Reached ** piety under Vehumet
 10805 | D:8      | Noticed Grum
 10806 | D:8      | Noticed Erica
 10816 | D:8      | Killed Grum
 10820 | D:8      | Reached skill level 1 in Fighting
 10823 | D:8      | Killed Erica
 10824 | D:8      | Reached skill level 11 in Spellcasting
 10824 | D:8      | Reached skill level 10 in Conjurations
 10824 | D:8      | Reached XP level 10. HP: 49/52 MP: 21/27
 11612 | D:8      | Found a glowing silver altar of Zin.
 11665 | D:8      | Noticed an eight-headed hydra
 12613 | D:8      | Killed an eight-headed hydra
 12614 | D:8      | Reached skill level 5 in Dodging
 13049 | D:9      | Offered knowledge of Ignite Poison by Vehumet.
 13054 | D:9      | Learned a level 3 spell: Ignite Poison
 13059 | D:9      | Learned a level 4 spell: Olgreb's Toxic Radiance
 13486 | D:9      | Reached *** piety under Vehumet
 13704 | D:9      | Reached skill level 1 in Fire Magic
 13704 | D:9      | Reached skill level 1 in Poison Magic
 13862 | D:9      | Reached skill level 12 in Spellcasting
 13978 | D:9      | Found a staircase to the Orcish Mines.
 13997 | Orc:1    | Entered Level 1 of the Orcish Mines
 14032 | Orc:1    | Noticed a two-headed ogre
 14042 | Orc:1    | Killed a two-headed ogre
 14193 | D:9      | Reached XP level 11. HP: 54/60 MP: 18/29
 14258 | D:9      | Offered knowledge of Airstrike by Vehumet.
 14264 | D:9      | Learned a level 4 spell: Airstrike
 14831 | Orc:1    | Noticed an orc warlord
 14853 | Orc:1    | Reached **** piety under Vehumet
 15230 | D:10     | Entered Level 10 of the Dungeon
 15384 | D:10     | Found a transporter.
 15388 | D:10     | Noticed an orc sorcerer
 15397 | D:10     | Found a transporter.
 15414 | D:10     | Noticed an orc high priest
 15425 | D:10     | Offered knowledge of Sticky Flame by Vehumet.
 15425 | D:10     | Killed an orc high priest
 15596 | D:10     | Killed an orc sorcerer
 15683 | D:10     | Noticed Urug
 15761 | D:10     | Killed Urug
 16187 | D:10     | Reached skill level 13 in Spellcasting
 16262 | D:10     | You fall into a shaft and drop 3 floors!
 16393 | D:12     | Found a basalt altar of Yredelemnul.
 16421 | D:11     | Noticed a four-headed hydra
 16614 | D:10     | Found a burning altar of Makhleb.
 17113 | D:11     | Noticed Snorg
 17462 | D:11     | Reached skill level 5 in Fighting
 17999 | D:11     | Reached skill level 5 in Fire Magic
 17999 | D:11     | Reached XP level 12. HP: 68/68 MP: 21/31
 18168 | D:12     | Reached ***** piety under Vehumet
 18168 | D:12     | Offered knowledge of Yara's Violent Unravelling by Vehumet.
 18169 | D:12     | Reached skill level 5 in Poison Magic
 18200 | D:12     | Noticed a two-headed ogre
 18204 | D:12     | Killed a two-headed ogre
 18505 | D:11     | Found a portal to a secret trove of treasure.
 18746 | D:11     | Killed Snorg
 19167 | D:11     | Killed a four-headed hydra
 19607 | D:11     | Found a staircase to the Lair.
 19617 | Lair:1   | Entered Level 1 of the Lair of Beasts
 20210 | Lair:1   | Reached skill level 14 in Spellcasting
 20897 | Lair:1   | Identified the +1 pair of gloves of the Blind Marksman
                  | {rF+++ rC- Str+9 Dex-4}
 21918 | Lair:2   | Reached skill level 15 in Spellcasting
 22485 | Lair:2   | Found a staircase to the Snake Pit.
 22823 | Lair:2   | Reached XP level 13. HP: 72/72 MP: 32/34
 23118 | Lair:2   | Found a staircase to the Shoals.
 24696 | Lair:4   | Reached skill level 15 in Conjurations
 24868 | Lair:4   | Found a staircase to the Slime Pits.
 24876 | Lair:4   | Reached skill level 1 in Evocations
 25279 | Lair:4   | Offered knowledge of Conjure Ball Lightning by Vehumet.
 25521 | Lair:4   | Learned a level 3 spell: Swiftness
 25770 | Lair:4   | Reached skill level 1 in Air Magic
 26686 | D:9      | Killed an orc warlord
 27221 | Orc:2    | Entered Level 2 of the Orcish Mines
 27247 | Orc:2    | Found a staircase to the Elven Halls.
 27264 | Orc:2    | Found a runed translucent door.
 27276 | Orc:2    | Noticed mortz's ghost (adept KoEE)
 27737 | Orc:2    | Reached skill level 16 in Spellcasting
 27739 | Orc:2    | Reached skill level 5 in Evocations
 28670 | Orc:2    | Found Muna's Magic Scroll Boutique.
 28670 | Orc:2    | Found Rocu Atz's Book Emporium.
 28809 | Orc:2    | Reached XP level 14. HP: 78/78 MP: 31/36
 28839 | Orc:2    | Bought a scroll of identify for 36 gold pieces
 28839 | Orc:2    | Bought a scroll of teleportation for 54 gold pieces
 28839 | Orc:2    | Bought a scroll of teleportation for 54 gold pieces
 28839 | Orc:2    | Bought a scroll of identify for 36 gold pieces
 28839 | Orc:2    | Bought a scroll of teleportation for 54 gold pieces
 28887 | Orc:2    | Found Luilomn's Magic Scroll Boutique.
 28887 | Orc:2    | Found Jumank's General Store.
 28961 | Orc:2    | Bought a scroll of amnesia for 64 gold pieces
 28961 | Orc:2    | Bought a scroll of identify for 32 gold pieces
 28961 | Orc:2    | Bought a scroll of teleportation for 48 gold pieces
 28961 | Orc:2    | Bought a scroll of identify for 32 gold pieces
 28961 | Orc:2    | Bought a scroll of teleportation for 48 gold pieces
 28970 | Orc:2    | Bought a scroll of teleportation for 42 gold pieces
 28970 | Orc:2    | Bought a scroll of teleportation for 42 gold pieces
 28993 | Orc:2    | Offered knowledge of Lightning Bolt by Vehumet.
 29136 | Orc:2    | Found a one-way gate to the infinite horrors of the Abyss.
 29136 | Orc:2    | Found a corrupted altar of Lugonu.
 29194 | Orc:2    | Noticed Josephine
 29200 | Orc:2    | Killed Josephine
 29820 | Orc:2    | Killed mortz's ghost
 30227 | Lair:1   | Reached skill level 5 in Air Magic
 30227 | Lair:1   | Reached XP level 15. HP: 82/82 MP: 37/37
 30297 | Lair:5   | Entered Level 5 of the Lair of Beasts
 30306 | Lair:4   | Reached skill level 17 in Spellcasting
 31832 | Lair:5   | Reached skill level 18 in Spellcasting
 33729 | Lair:5   | Found a runed translucent door.
 33775 | Lair:5   | Offered knowledge of Iskenderun's Battlesphere by Vehumet.
 33812 | Lair:5   | Learned a level 5 spell: Iskenderun's Battlesphere
 34440 | Elf:1    | Entered Level 1 of the Elven Halls
 34599 | Snake:1  | Entered Level 1 of the Snake Pit
 35189 | Lair:2   | Learned a level 4 spell: Airstrike
 35551 | Snake:1  | Found a transporter.
 35696 | Snake:1  | Found a transporter.
 35714 | Snake:1  | Found a bloodstained altar of Trog.
 35724 | Snake:1  | Noticed lambentLogic's ghost (journeyman KoEn)
 35776 | Snake:1  | Identified the +6 long sword of Ukiffor {vorpal, +Blink
                  | rElec rC- Stlth+}
 36099 | Snake:1  | Reached XP level 16. HP: 88/88 MP: 32/40
 38500 | D:13     | Reached skill level 10 in Stealth
 39350 | D:13     | Reached skill level 10 in Dodging
 40345 | D:13     | Found a gate to the Vaults.
 40542 | Snake:1  | Learned a level 2 spell: Blink
 41286 | Snake:1  | Learned a level 3 spell: Mephitic Cloud
 41774 | Snake:2  | Offered knowledge of Orb of Destruction by Vehumet.
 41968 | Snake:1  | Learned a level 7 spell: Orb of Destruction
 42446 | Snake:2  | Found Uduabis's Jewellery Shop.
 42454 | Snake:2  | Bought the ring of Hiloloupt {rPois Will+} for 423 gold
                  | pieces
 42953 | Snake:2  | Found Lasmimya's Jewellery Shoppe.
 42961 | Snake:2  | Bought the ring of Baqistokk {rN++ MP+9 AC+4} for 941 gold
                  | pieces
 44789 | Snake:3  | Found Hirchet's Armour Shop.
 44831 | Snake:3  | Found Ewonk's Book Boutique.
 44855 | Snake:3  | Reached skill level 19 in Spellcasting
 45429 | Snake:3  | Reached XP level 17. HP: 97/97 MP: 42/42
 46268 | Snake:4  | Entered Level 4 of the Snake Pit
 46705 | Snake:4  | Offered knowledge of Spellforged Servitor by Vehumet.
 47032 | Snake:4  | Reached skill level 20 in Spellcasting
 48244 | Snake:4  | Identified the +0 pair of boots "Qyrhoiwn" {rF+ Regen+}
 49364 | Snake:4  | Reached skill level 21 in Spellcasting
 50488 | Snake:4  | Reached skill level 22 in Spellcasting
 50990 | Snake:4  | Offered knowledge of Lehudib's Crystal Spear by Vehumet.
 51256 | Snake:4  | Got a serpentine rune of Zot
 51266 | Snake:4  | Learned a level 8 spell: Lehudib's Crystal Spear
 51502 | Shoals:1 | Entered Level 1 of the Shoals
 51601 | Shoals:1 | Reached skill level 1 in Earth Magic
 51601 | Shoals:1 | Reached XP level 18. HP: 103/103 MP: 35/46
 52132 | Shoals:1 | Reached skill level 23 in Spellcasting
 52829 | Shoals:1 | Reached skill level 1 in Translocations
 53763 | Shoals:2 | Identified the +4 great mace of the Demagogue {drain,
                  | Dex+3}
 54108 | Shoals:3 | Found Ruerphow's Jewellery Shop.
 54835 | Shoals:3 | Reached skill level 5 in Earth Magic
 56208 | Shoals:4 | Entered Level 4 of the Shoals
 57871 | D:14     | Reached skill level 5 in Translocations
 58309 | D:14     | Found the +4 Cigotuvi's embrace {rMiasma Drain rN+}
 58561 | D:14     | Found a glowing golden altar of the Shining One.
 58658 | D:15     | Entered Level 15 of the Dungeon
 58954 | D:15     | Found Ciakuczusk's Antique Armour Emporium.
 58962 | D:15     | Bought a pair of bloodstained boots for 361 gold pieces
 58962 | D:15     | Identified the +2 pair of boots "Lallam" {rElec rCorr Str-3
                  | Dex+4} (You bought it in a shop on level 15 of the Dungeon)
 59343 | D:15     | Reached skill level 24 in Spellcasting
 59535 | D:15     | Reached ****** piety under Vehumet
 59644 | D:15     | Offered knowledge of Fire Storm by Vehumet.
 59644 | D:15     | Offered knowledge of Chain Lightning by Vehumet.
 59644 | D:15     | Offered knowledge of Maxwell's Capacitive Coupling by
                  | Vehumet.
 59977 | D:15     | Reached XP level 19. HP: 107/107 MP: 49/49
 60034 | D:14     | Learned a level 9 spell: Chain Lightning
 60658 | D:15     | Found a staircase to the Depths.
 61386 | Elf:1    | Found a runed translucent door.
 61387 | Elf:1    | Noticed Kiarinao's ghost (adept TrBe)
 61387 | Elf:1    | Found the +3 greatsling "Punk" {acid, rCorr}
 61833 | Snake:1  | Killed lambentLogic's ghost
 61847 | Snake:1  | Identified the +8 spear of Satyriasis {venom, Dex+3}
 62457 | Elf:1    | Killed Kiarinao's ghost
 62757 | Elf:1    | Paralysed by an air elemental for 1 turns
 62788 | Elf:1    | Got Hege's Lectures on Calling
 62818 | Elf:1    | Noticed Zenata
 63052 | Elf:1    | Found a radiant altar of Vehumet.
 63568 | Elf:1    | Killed Zenata
 64417 | Shoals:4 | Killed from afar by a merfolk aquamancer

Illustrated notes

Levels and vault maps discovered:
D:1:      erik_arrival_cave_to_civilisation [erik_arrival_cave_to_hall],
          layout_loops_ring, serial_shops, shop_statue
D:2:      layout_basic
D:3:      layout_basic, nicolae_overflow_ecumenical_swirl,
          cheibrodos_worm_habitat
D:4:      layout_basic, uniq_crazy_yiuf_cottage, uniq_eustachio
D:5:      layout_basic, mainiacjoe_overflow_six_doors_small, uniq_pikel
D:6:      lemuel_ice_spiral_2, layout_rooms, marbit_many_paths,
          minmay_temple_entry_gardened_gates
D:7:      lemuel_insect_pit, layout_gridville, serial_co_window_serial,
          co_window_paths_a, co_window_corner_a, co_window_paths_b,
          co_window_paths_b, co_window_paths_a, co_window_paths_b,
          co_window_2corner, co_window_unsneaky_path_c, co_window_corner_b,
          co_window_broadway_a, co_window_corner_b, co_window_2corner,
          co_window_of_opportunity_c, co_window_paths_e, glass_columns_a,
          glass_columns_c, nicolae_shop_gadgets
D:8:      layout_cave_pods, zin_scriptorium, nicolae_wooded_promenade,
          uniq_grum, uniq_erica
D:9:      nicolae_whirlpool, layout_loops_cross, zombieorc2_lemuel
D:10:     gammafunk_wand_slinger, layout_rooms, mainiacjoe_overflow_alcove_2,
          bh_circular_ruins, uniq_urug
D:11:     layout_roguey, david_lair_shrubbed, enter_trove_0, uniq_snorg
D:12:     layout_cross, serial_park, serial_park_paths
          [serial_park_minivault_5x5_5], serial_park_tiny_2, serial_park_gazebo
          [serial_park_minivault_5x5_4]
D:13:     layout_cave_pods, grunt_vaults_entry_tiered, special_room
          [special_room_bee], statue_in_the_mist_lemuel
D:14:     layout_basic, tso_altar, hellmonk_guarded_unrand_cigotuvi
D:15:     grunt_enter_depths_snipers, layout_irregular_city, nrook_campfire,
          serial_shops, nicolae_lakefront_shop, serial_bayou_pond_b
Lair:1:   layout_cave_pods, beast_lair_carwin_9
Lair:2:   layout_small_grid, minmay_shoals_entry_lonely_mermaid,
          minmay_snake_entry_six_corridors, nicolae_quartered_pool_super,
          disabler_island
Lair:3:   layout_roguey, minmay_lair_oklob_bushes
Lair:4:   layout_regular_city, minmay_slime_entry_oklob_open
Lair:5:   wormcave, layout_loops_ring, guppyfry_lair_end_dragon
Shoals:1: nicolae_shoals_island_circles, layout_shoals
Shoals:2: layout_shoals
Shoals:3: layout_shoals, serial_shops, shop, nicolae_shoals_flooded_hall
Shoals:4: shoals_end_grunt_ice, layout_shoals, uniq_donald
Snake:1:  layout_chambers, gammafunk_ghost_wrathful_warriors
Snake:2:  layout_onion, serial_shops, shop, minmay_shop_enchanted_jewellery,
          nicolae_snake_shapes, grunt_megastairs_3
Snake:3:  nicolae_snake_hallway, layout_onion, minmay_shoptagon
Snake:4:  snake_pit_salamanders_mu, layout_misc_corridors
Orc:1:    layout_diamond_mine
Orc:2:    st_orc_town, layout_diamond_mine, hellmonk_ghost_happy_afterlife,
          amcnicky_altar_lugonu_corruption, uniq_josephine
Elf:1:    layout_onion_city, basic_altar, gammafunk_ghost_grave,
          minmay_elf_demonology, uniq_zenata
Elf:2:    elven_hall_of_blades_hangedman_alternative
          [nicolae_blade_entry_antechamber], layout_geoelf_octagon,
          mu_enter_wizlab_4, lemuel_upstairs_altar, lemuel_elevator, uniq_agnes

Skill      XL: |  1  2  3  4  5  6  7  8  9 10 11 12 13 14 15 16 17 18 19 |
---------------+----------------------------------------------------------+-----
Spellcasting   | 4 5 6 7 9 11 12 13 15 16 18 19 22 24 | 24.6
Conjurations   | 5 6 7 8 10 11 14 15 16 18 20 21 | 21.5
Hexes          | 2 3 4 6 8 |  8.0
Stealth        | 3 6 8 9 11 | 11.0
Fighting       | 1 3 5 8 |  8.0
Dodging        | 3 5 7 8 9 10 | 10.0
Fire Magic     | 2 5 6 |  6.0
Poison Magic   | 2 4 6 |  6.0
Evocations     | 5 7 8 |  8.0
Air Magic      | 4 5 8 9 |  9.2
Earth Magic    | 1 7 9 |  9.1
Translocations | 5 |  5.0

Action                   |  1- 3 |  4- 6 |  7- 9 | 10-12 | 13-15 | 16-18 | 19-21 || total
-------------------------+-------+-------+-------+-------+-------+-------+-------++-------
Melee: Dagger            |       |    16 |       |     5 |       |       |       ||    21
       Punch             |       |     1 |       |       |       |       |       ||     1
       Staff             |       |       |       |       |     2 |       |       ||     2
 Cast: Magic Dart        |    92 |    62 |   123 |   253 |   201 |    40 |       ||   771
       Fulminant Prism   |       |     9 |    63 |   127 |   226 |   106 |    20 ||   551
       Iskenderun's Myst |       |       |     3 |   128 |   128 |   162 |    47 ||   468
       Ignite Poison     |       |       |       |    39 |    56 |    75 |     7 ||   177
       Olgreb's Toxic Ra |       |       |       |    27 |    38 |    55 |     5 ||   125
       Airstrike         |       |       |       |       |    13 |    11 |       ||    24
       Iskenderun's Batt |       |       |       |       |     5 |     2 |       ||     7
       Swiftness         |       |       |       |       |     1 |     1 |       ||     2
       Orb of Destructio |       |       |       |       |       |   380 |    49 ||   429
       Blink             |       |       |       |       |       |    12 |       ||    12
       Lehudib's Crystal |       |       |       |       |       |       |     5 ||     5
Evoke: Wand              |       |       |       |     4 |       |       |       ||     4
  Use: Scroll            |       |     3 |     4 |    13 |     7 |     8 |     2 ||    37
       Potion            |       |       |     1 |     3 |     3 |     6 |     4 ||    17
Armor: Steam dragon scal |       |       |     6 |     2 |       |       |       ||     8
       Robe              |       |       |       |    11 |    14 |    31 |     4 ||    60
Dodge: Dodged            |     5 |     9 |    14 |    30 |    68 |   121 |    21 ||   268
Block: Other             |     1 |     2 |     4 |    10 |    23 |    31 |     4 ||    75
       Reflection        |       |       |       |     3 |     5 |    11 |     1 ||    20
